 Dungeon Crawl Stone Soup version 0.19-a0-1058-g5566a1a (webtiles) character file.

28894 tyvek the Unseen (level 13, -3/63 HPs)
             Began as a Spriggan Enchanter on Aug 1, 2016.
             Was an Initiate of Gozag.
             Slain by an eight-headed hydra (13 damage)
             ... on level 3 of the Lair of Beasts on Aug 2, 2016.
             The game lasted 01:20:59 (20326 turns).

tyvek the Unseen (Spriggan Enchanter)              Turns: 20326, Time: 01:21:00

Health: -3/63      AC:  5    Str:  5    XL:     13   Next: 12%
Magic:  18/26      EV: 32    Int: 18    God:    Gozag
Gold:   1608       SH:  0    Dex: 19    Spells: 4 memorised, 20 levels left

rFire  + . .     SeeInvis +     a - +5 dagger (holy)
rCold  + . .     Gourm    .     X - +2 robe {rC+}
rNeg   . . .     Faith    .     (shield restricted)
rPois  .         Spirit   .     (helmet restricted)
rElec  .         Dismiss  .     e - +0 cloak
rCorr  .         Reflect  .     (gloves unavailable)
SustAt .         Harm     .     (boots unavailable)
MR     ++...                    O - amulet of magic regeneration
Stlth  ++++++++..               G - ring of protection from fire {rF+, !d}
                                (no ring)

@: marked, very quick, very resistant to hostile enchantments, extraordinarily
stealthy
A: unfitting armour, horns 1, see invisible, herbivore 3, speed 3, slow
metabolism 2
a: Potion Petition, Call Merchant, Bribe Branch, Renounce Religion


You were on level 3 of the Lair of Beasts.
You worshipped Gozag.
Gozag was most pleased with you.
You were very hungry.

You visited 4 branches of the dungeon, and saw 19 of its levels.
You also visited: Volcano.

You collected 3508 gold pieces.
You spent 198 gold pieces at shops.
You paid 1702 gold pieces to Gozag.

Inventory:

Hand Weapons
 a - a +5 dagger of holy wrath (weapon)
   (You took it off a goblin on level 2 of the Dungeon)
 b - a +0 blowgun
   (You took it off a kobold on level 3 of the Dungeon)
 Z - a +1 dagger of speed
   (You took it off an orc on level 12 of the Dungeon)
Missiles
 i - 6 curare-tipped needles
 x - 129 poisoned needles
 y - 3 throwing nets {=f, !d}
Armour
 e - a +0 cloak (worn)
   (You found it on level 3 of the Dungeon)
 X - a +2 robe of cold resistance (worn)
   (You bought it in a shop on level 12 of the Dungeon)
Jewellery
 m - an uncursed ring of sustain attributes
   (You found it on level 1 of the Dungeon)
 G - a ring of protection from fire (right hand) {rF+, !d}
   (You found it on level 9 of the Dungeon)
 O - an amulet of magic regeneration (around neck)
   (You found it on level 10 of the Dungeon)
Wands
 p - a wand of flame (27/48)
   (You found it on level 1 of the Lair of Beasts)
 r - a wand of teleportation (9/9)
   (You found it on level 9 of the Dungeon)
 B - a wand of paralysis (13/24)
   (You found it on level 9 of the Dungeon)
 I - a wand of slowing (24/48)
   (You found it on level 6 of the Dungeon)
 L - a wand of confusion (30/48)
   (You found it on level 7 of the Dungeon)
 M - a wand of iceblast (11/15)
   (You found it on level 7 of the Dungeon)
 P - a wand of lightning (7/15)
   (You found it on level 8 of the Dungeon)
 U - a wand of polymorph (20/24)
   (You took it off an orc warrior on level 12 of the Dungeon)
Scrolls
 g - 14 scrolls of teleportation
 h - a scroll of magic mapping {!r}
 j - 10 scrolls of remove curse
 t - 3 scrolls of enchant weapon
 u - 7 scrolls of fear
 w - a scroll of acquirement {unknown}
 C - 4 scrolls of enchant armour
 D - 3 scrolls of amnesia
 N - a scroll of recharging
 Q - 6 scrolls of identify
 S - a scroll of fog
 T - 2 scrolls of blinking {!r}
 W - a scroll of holy word {unknown}
Potions
 f - a potion of lignification {!q}
 k - 4 potions of mutation {!q}
 l - 2 potions of haste
 n - a potion of magic
 s - 5 potions of resistance
 v - 8 potions of curing
 z - 2 potions of might
 A - 5 potions of brilliance
 F - a potion of flight
 R - 4 potions of invisibility
 Y - a potion of berserk rage {unknown}
Books
 c - a book of Maledictions
 H - a book of Minor Magic
   (You found it on level 9 of the Dungeon)
Miscellaneous
 J - a fan of gales
   (You found it on level 10 of the Dungeon)
 K - a sack of spiders
Comestibles
 d - 15 bread rations {@e1}
 q - 8 fruits
 E - 9 royal jellies


   Skills:
 - Level 5.0 Fighting
 - Level 10.1 Short Blades
 + Level 15.3 Dodging
 + Level 17.3 Stealth
 + Level 8.9 Spellcasting
 + Level 9.7 Hexes
 - Level 3.6 Ice Magic


You had 20 spell levels left.
You knew the following spells:

 Your Spells              Type           Power        Failure   Level  Hunger
a - Ensorcelled Hibernat  Hex/Ice        ####..       1%          2    None
b - Tukima's Dance        Hex            #####...     1%          3    None
c - Confuse               Hex            #####...     1%          3    None
v - Corona                Hex            #####..      1%          1    None


Dungeon Overview and Level Annotations

Branches:
Dungeon (13/15)            Temple (1/1) D:7            Lair (3/6) D:11
  Snake (0/4) Lair:2          Orc (2/2) D:12
  Swamp: Lair:2-4    Shoals: Lair:2-4       Elf: Orc:2       Vaults: D:13-14

Altars:
Ashenzari
Cheibriados
Dithmenos
Elyvilon
Fedhas
Gozag
Hepliaklqana
Kikubaaqudgha
Makhleb
Nemelex Xobeh
Okawaru
Pakellas
Qazlal
Ru
Sif Muna
Trog
Uskayaw
Vehumet
Xom
Zin
The Shining One

Shops:
D:4 %!   D:5 *   D:8 =   D:11 *([   D:12 [   Orc:2 [

Portals:
Trove: D:12 (give wand of hasting (9))

Annotations:
Lair:3 exclusion: oklob plant
Orc:2 exclusion: orc sorcerer


Innate Abilities, Weirdness & Mutations

You are tiny and cannot use many weapons and most armour.
You have supernaturally acute eyesight. (SInv)
You are a herbivore.
You cover ground extremely quickly.
You need consume almost no food.
You have a pair of small horns on your head.


Message History

Unknown command.
Unknown command.
Unknown command.
The hippogriff barely misses you.
The hippogriff completely misses you. x2
You climb upwards.
There is a stone staircase leading down here.
Aim: a hippogriff (chance to defeat MR: 60%)
The hippogriff looks drowsy...
You now have 24/26 mp.
The helpless hippogriff fails to defend itself.
You perforate the hippogriff like a sieve!!!!!
You kill the hippogriff!
Unknown command.
Unknown command.
There is a stone staircase leading down here.
MP restored: 26 You climb downwards.
Level annotation: exclusion: oklob plant
There is a stone staircase leading up here.
g - 14 scrolls of teleportation (gained 1)
You now have 1601 gold pieces (gained 16).
Tgcid9999's ghost (journeyman Human Skald) comes into view.
No target in view!
Aim: tgcid9999's ghost (hasn't noticed you, chance to defeat MR: 23%) Tgcid9999's ghost turns its malevolent gaze towards you.
Tgcid9999's ghost resists with almost no effort.
You now have 23/26 mp.
Aim: tgcid9999's ghost (chance to defeat MR: 23%) Tgcid9999's ghost resists with almost no effort.
Tgcid9999's ghost gestures wildly while chanting.
Nothing appears to happen.
You now have 20/26 mp.
Aim: tgcid9999's ghost (chance to defeat MR: 23%) Tgcid9999's ghost appears confused.
You now have 18/26 mp.
You hit tgcid9999's ghost but do no damage.
You headbutt tgcid9999's ghost.
You hit tgcid9999's ghost but do no damage.
Tgcid9999's ghost hits you!
You take 7 damage, and have 56/63 hp.
You barely miss tgcid9999's ghost.
You hit tgcid9999's ghost but do no damage.
Tgcid9999's ghost is distracted by your gold.
You catch the helpless tgcid9999's ghost completely off-guard!
You spit tgcid9999's ghost like a pig!!!
Tgcid9999's ghost convulses!!!
Tgcid9999's ghost is no longer distracted by gold.
You headbutt tgcid9999's ghost, but do no damage.
You hit tgcid9999's ghost.
Tgcid9999's ghost convulses.
You destroy tgcid9999's ghost!
No target in view!
No target in view!
No target in view!
No target in view!
You now have 1608 gold pieces (gained 7).
You start resting.
Health restored: 63; MP restored: 26 The alarm trap emits a blaring wail!
A sentinel's mark forms upon you.
You hear a croak.
You hear an angry hiss.
You hear a screech!
You hear an angry hiss.
A crocodile comes into view.
A crocodile is nearby!
An eight-headed hydra comes into view.
Aim: a crocodile (chance to defeat MR: 61%)
The crocodile looks drowsy...
You now have 24/26 mp.
The crocodile barely misses you.
You hit the crocodile but do no damage.
Aim: a crocodile (chance to defeat MR: 69%)
The crocodile struggles to resist.
The crocodile completely misses you.
You now have 22/26 mp.
You puncture the crocodile! You barely miss the eight-headed hydra.
A hippogriff comes into view.
Aim: a crocodile (moderately wounded, chance to defeat MR: 69%)
The eight-headed hydra appears confused.
You now have 20/26 mp.
Aim: a crocodile (moderately wounded, chance to defeat MR: 69%)
The crocodile appears confused.
You now have 18/26 mp.
The eight-headed hydra completely misses you.
The eight-headed hydra bites you!
The eight-headed hydra completely misses you.
The eight-headed hydra closely misses you.
The eight-headed hydra bites you!
The eight-headed hydra barely misses you.
The eight-headed hydra bites you!
The eight-headed hydra completely misses you.
You take 36 damage, and have 27/63 hp.
MASSIVE DAMAGE!!
You hit the eight-headed hydra.
You catch the helpless eight-headed hydra completely off-guard!
You stick the eight-headed hydra like a pincushion!!!
The eight-headed hydra bites you. The eight-headed hydra bites you!
* * * LOW HITPOINT WARNING * * *
The eight-headed hydra completely misses you.
The eight-headed hydra bites you!
You die...
Your body crumbles into a pile of gold.

#..♣♣ ##...♣♣
#.....♣
##....♣
##....♣
#..##.♣
##..#.♣♣ ♣
##...D.♣ .♣
#..##@H♣..♣
##......♣
#.......t.....
#.............
##............
#.............
##............
.............
#.............


You could see an eight-headed hydra (confused), a hippogriff and a crocodile
(confused).

Vanquished Creatures
  The ghost of TheDoctor the Bludgeoner, a journeyman OgBe of Trog (D:12)
  The ghost of qqqbard the Basher, a journeyman MiMo of Okawaru (D:11)
  The ghost of tgcid9999 the Fighter, a journeyman HuSk of Kikubaaqudgha (Lair:3)
  A hydra (D:12)
  An ogre mage (Orc:1)
  The ghost of suduhmizer the Impaler, a novice MfGl of Okawaru (D:11)
  2 unseen horrors (D:11)
  Pikel (D:8)
  An orc knight (D:12)
  4 hill giants
  An ugly thing (D:12)
  2 cyclopes (D:11)
  A molten gargoyle (Volcano)
  3 gargoyles
  2 centaur skeletons
  5 spiny frogs (Lair:1)
  2 komodo dragons (Lair:1)
  2 trolls
  The ghost of CabbageHands the Shield-Bearer, an amateur FoFi (D:4)
  4 blink frogs (Lair:1)
  2 slime creatures (D:12)
  A wyvern (Orc:1)
  2 shadows
  16 yaks
  A fire elemental (Volcano)
  4 basilisks
  2 wraiths
  8 hippogriffs
  A mottled dragon (D:11)
  2 wargs
  A soldier ant (D:9)
  8 water moccasins
  5 orc warriors
  2 porcupines (Lair:1)
  5 ice beasts
  3 phantoms
  3 sky beasts
  A black bear (D:11)
  3 wasps
  4 wolves (Lair:1)
  14 ogres
  5 crocodiles
  5 centaurs
  2 big kobolds
  11 giant frogs
  A gnoll sergeant (D:10)
  Blork the orc (D:5)
  5 scorpions
  10 killer bees
  3 wights (D:10)
  3 crimson imps
  2 giant frog zombies
  2 centaur zombies
  4 hounds
  8 orc priests
  3 jellies
  8 orc wizards
  Crazy Yiuf (D:7)
  A giant frog skeleton (D:10)
  5 iguanas
  13 worker ants
  2 sheep (D:11)
  3 hound skeletons
  Robin (D:2)
  15 gnolls
  16 adders
  20 river rats
  7 shadow imps
  An ooze (D:4)
  An adder zombie (D:5)
  An adder skeleton (D:9)
  A worm (D:9)
  4 dart slugs
  4 giant geckos
  39 orcs
  10 giant cockroaches
  24 goblins
  9 hobgoblins
  5 jackals
  8 quokkas
  2 ball pythons
  9 bats
  A giant gecko skeleton (D:6)
  A giant gecko zombie (D:6)
  6 giant newts
  A jackal skeleton (D:5)
  17 kobolds
  2 quokka skeletons
  12 rats
440 creatures vanquished.

Vanquished Creatures (others)
  A dancing weapon (D:8)
  2 slaves (D:8)
  A worker ant (D:5)
  A gnoll (D:8)
  3 kobolds (D:8)
  A fungus (Lair:1)
9 creatures vanquished.

Grand Total: 449 creatures vanquished

Notes
Turn   | Place    | Note
-------+----------+-------------------------------------------
     0 | D:1      | tyvek the Spriggan Enchanter began the quest for the Orb.
     0 | D:1      | Reached XP level 1. HP: 9/9 MP: 5/5
    13 | D:1      | Reached skill level 3 in Spellcasting
   231 | D:1      | Reached XP level 2. HP: 12/13 MP: 5/7
   424 | D:1      | Learned a level 2 spell: Ensorcelled Hibernation
   575 | D:1      | Reached skill level 4 in Hexes
   717 | D:1      | Reached skill level 4 in Spellcasting
   800 | D:1      | Reached XP level 3. HP: 16/16 MP: 9/9
  1298 | D:2      | Found a radiant altar of Vehumet.
  1418 | D:2      | Learned a level 3 spell: Confuse
  1422 | D:2      | Learned a level 3 spell: Tukima's Dance
  1527 | D:2      | Noticed Robin
  1737 | D:2      | Reached XP level 4. HP: 19/21 MP: 5/11
  1927 | D:2      | Found a bloodstained altar of Trog.
  2440 | D:2      | Reached skill level 5 in Spellcasting
  2529 | D:2      | Found a sacrificial altar of Ru.
  2744 | D:2      | Killed Robin
  2744 | D:2      | Reached skill level 5 in Hexes
  3199 | D:3      | Reached XP level 5. HP: 24/24 MP: 8/13
  3568 | D:3      | Found a glowing silver altar of Zin.
  3568 | D:3      | Found a stormy altar of Qazlal.
  3700 | D:3      | Noticed an orc warrior
  3701 | D:3      | Reached skill level 6 in Spellcasting
  4274 | D:3      | Reached XP level 6. HP: 25/28 MP: 13/16
  4298 | D:3      | Killed an orc warrior
  4298 | D:3      | Reached skill level 6 in Hexes
  4508 | D:3      | Reached skill level 5 in Stealth
  4668 | D:4      | Reached skill level 2 in Short Blades
  4901 | D:4      | Found a blossoming altar of Fedhas.
  4903 | D:4      | Noticed CabbageHands's ghost (amateur FoFi)
  4931 | D:4      | Found Rochoi's Food Boutique.
  4934 | D:4      | Killed CabbageHands's ghost
  4934 | D:4      | Reached skill level 4 in Dodging
  4934 | D:4      | Reached skill level 6 in Stealth
  4934 | D:4      | Reached XP level 7. HP: 26/32 MP: 12/17
  4967 | D:4      | HP: 8/32 [poisoned by a worker ant]
  4973 | D:4      | HP: 6/32 [poisoned by a worker ant]
  4981 | D:4      | HP: 5/32 [poisoned by a worker ant]
  4987 | D:4      | HP: 4/32 [poisoned by a worker ant]
  4992 | D:4      | HP: 4/32 [poisoned by a worker ant]
  5003 | D:4      | HP: 2/32 [poisoned by a worker ant]
  5331 | D:4      | Bought a bread ration for 55 gold pieces
  5331 | D:4      | Bought a bread ration for 55 gold pieces
  5331 | D:4      | Bought a bread ration for 55 gold pieces
  5400 | D:4      | Reached skill level 3 in Short Blades
  5675 | D:4      | Reached skill level 5 in Dodging
  5994 | D:4      | Found Muzytzat's Distillery.
  6044 | D:5      | Entered Level 5 of the Dungeon
  6265 | D:5      | Reached skill level 4 in Short Blades
  6265 | D:5      | Reached skill level 7 in Stealth
  6265 | D:5      | Reached XP level 8. HP: 36/36 MP: 10/18
  6294 | D:5      | Reached skill level 1 in Ice Magic
  6333 | D:5      | Reached skill level 6 in Dodging
  6595 | D:5      | Found a hazy altar of Hepliaklqana.
  6602 | D:5      | Reached skill level 8 in Stealth
  6700 | D:5      | Reached skill level 5 in Short Blades
  6804 | D:5      | Noticed Blork the orc
  6820 | D:5      | Killed Blork the orc
  6820 | D:5      | Reached skill level 7 in Dodging
  6963 | D:5      | Found Nyliq's Assorted Antiques.
  6971 | D:5      | Found an oddly glowing altar of Pakellas.
  7040 | D:5      | Found a shimmering altar of Xom.
  7248 | D:6      | Reached skill level 2 in Ice Magic
  7554 | D:6      | Reached skill level 9 in Stealth
  7780 | D:6      | Found an iron altar of Okawaru.
  8247 | D:7      | Found a staircase to the Ecumenical Temple.
  8252 | D:7      | Reached XP level 9. HP: 39/39 MP: 19/19
  8265 | Temple   | Entered the Ecumenical Temple
  8316 | Temple   | Became a worshipper of Gozag Ym Sagoz the Greedy
  8399 | D:7      | Reached skill level 6 in Short Blades
  8399 | D:7      | Reached skill level 8 in Dodging
  8440 | D:7      | Reached skill level 10 in Stealth
  8765 | D:7      | Found a sparkling altar of Nemelex Xobeh.
  8960 | D:7      | Got a steaming short sword {holy}
  9027 | D:7      | Found a runed door.
  9031 | D:7      | Noticed Crazy Yiuf
  9035 | D:7      | Killed Crazy Yiuf
  9041 | D:7      | Identified the +1 short sword of Propriety {holy, *Rage rElec Int+2} (You took it off an orc wizard on level 7 of the Dungeon)
  9134 | D:8      | Reached skill level 3 in Ice Magic
  9192 | D:8      | Found Qofoxuyn's Jewellery Shoppe.
  9289 | D:8      | Noticed Pikel
  9296 | D:8      | Killed Pikel
  9296 | D:8      | Reached skill level 7 in Short Blades
  9296 | D:8      | Reached skill level 9 in Dodging
  9296 | D:8      | Reached skill level 11 in Stealth
  9648 | D:8      | Reached skill level 10 in Dodging
  9648 | D:8      | Reached XP level 10. HP: 21/44 MP: 3/20
  9851 | D:8      | Found a white marble altar of Elyvilon.
  9902 | D:8      | Noticed a hill giant
  9903 | D:8      | Found an iron altar of Okawaru.
  9911 | D:8      | Killed a hill giant
 10093 | D:8      | Gained mutation: You have a pair of small horns on your head. [potion of beneficial mutation]
 10227 | D:5      | Bought an embroidered robe for 19 gold pieces
 10348 | D:8      | Upgraded the game from 0.19-a0-1049-g462a813 to 0.19-a0-1058-g5566a1a
 10370 | D:9      | Reached skill level 8 in Short Blades
 10534 | D:9      | Reached skill level 12 in Stealth
 11030 | D:9      | Found a snail-covered altar of Cheibriados.
 11040 | D:9      | Got a shimmering flail
 11052 | D:9      | Found a shattered altar of Ashenzari.
 11644 | D:10     | Entered Level 10 of the Dungeon
 11652 | D:10     | Reached skill level 11 in Dodging
 12026 | D:10     | Reached skill level 13 in Stealth
 12525 | D:10     | Noticed a hill giant
 12533 | D:10     | Killed a hill giant
 12533 | D:10     | Reached skill level 9 in Short Blades
 12580 | D:10     | Noticed a gargoyle
 12621 | D:10     | Killed a gargoyle
 12621 | D:10     | Reached skill level 12 in Dodging
 12745 | D:10     | Reached XP level 11. HP: 47/47 MP: 18/21
 12876 | D:11     | Found Xuyfyll's Armour Emporium.
 13130 | D:11     | Noticed qqqbard's ghost (journeyman MiMo)
 13197 | D:11     | Killed qqqbard's ghost
 13197 | D:11     | Reached skill level 14 in Stealth
 13661 | D:11     | Noticed an unseen horror
 13665 | D:11     | Killed an unseen horror
 13665 | D:11     | Reached skill level 10 in Short Blades
 13699 | D:11     | Found a staircase to the Lair.
 13812 | D:11     | Reached skill level 1 in Fighting
 13825 | D:11     | Noticed suduhmizer's ghost (novice MfGl)
 14108 | D:11     | Reached skill level 2 in Fighting
 14128 | D:11     | Noticed an unseen horror
 14131 | D:11     | Killed an unseen horror
 14131 | D:11     | Reached skill level 13 in Dodging
 14786 | D:12     | Found a staircase to the Orcish Mines.
 14786 | D:12     | Noticed a red ugly thing
 14794 | D:11     | Reached skill level 3 in Fighting
 14849 | D:12     | Found Imisoew's Antique Armour Shoppe.
 14856 | D:12     | Bought an embroidered robe for 14 gold pieces
 14926 | D:12     | Killed a red ugly thing
 14926 | D:12     | Reached skill level 15 in Stealth
 15025 | D:12     | Noticed TheDoctor's ghost (journeyman OgBe)
 15333 | D:12     | Reached skill level 4 in Fighting
 15449 | D:12     | Noticed a hill giant
 15458 | D:12     | Killed a hill giant
 15512 | D:12     | Killed TheDoctor's ghost
 15618 | D:12     | Noticed an eight-headed hydra
 15633 | D:12     | Reached XP level 12. HP: 43/59 MP: 14/22
 15641 | D:12     | Killed an eight-headed hydra
 15641 | D:12     | Reached skill level 5 in Fighting
 15830 | D:12     | Found a portal to a secret trove of treasure.
 15967 | D:12     | Reached skill level 7 in Hexes
 16244 | D:12     | Reached skill level 14 in Dodging
 16592 | Orc:1    | Entered Level 1 of the Orcish Mines
 16740 | D:12     | HP: 9/60 [orc warrior/long sword[an orc knight] (14)]
 16930 | D:12     | Reached skill level 16 in Stealth
 17099 | Orc:1    | Noticed an ogre mage
 17125 | Orc:1    | Killed an ogre mage
 17125 | Orc:1    | Reached skill level 7 in Spellcasting
 17363 | Orc:2    | Entered Level 2 of the Orcish Mines
 17399 | Orc:2    | Noticed an orc high priest
 17400 | Orc:2    | Found Syroikeo's Antique Armour Shop.
 17400 | Orc:2    | Noticed an orc high priest
 17405 | Orc:2    | Noticed an orc high priest
 17573 | Lair:1   | Entered Level 1 of the Lair of Beasts
 17610 | Lair:1   | Reached skill level 8 in Hexes
 18059 | D:11     | Killed suduhmizer's ghost
 18328 | Lair:1   | Reached skill level 8 in Spellcasting
 18367 | Lair:1   | Reached skill level 15 in Dodging
 18376 | Lair:1   | Reached skill level 9 in Hexes
 18717 | Lair:1   | Reached skill level 17 in Stealth
 19236 | Lair:2   | Found a staircase to the Snake Pit.
 19371 | Lair:2   | Reached XP level 13. HP: 63/63 MP: 20/26
 19864 | Lair:2   | Found a dark tunnel.
 19874 | Volcano  | Entered a volcano
 20243 | Lair:3   | Noticed tgcid9999's ghost (journeyman HuSk)
 20256 | Lair:3   | Killed tgcid9999's ghost
 20326 | Lair:3   | HP: 10/63 [eight-headed hydra (14)]
 20326 | Lair:3   | Slain by an eight-headed hydra

Vault maps used:
D:1:      dpeg_arrival_tiny_a
D:2:      bloody_trog, vehumet_crystals, nicolae_ru_sacrificial_ziggurat,
          uniq_robin
D:3:      gammafunk_temple_overflow_statue, first_bread, serial_glass,
          glass_columns_c, glass_columns_b
D:4:      fedhas_bush_and_centaur_altar, serial_shops, kennysheep_little_box,
          shop
D:5:      old_standard_altar, grunt_pakellas_sulfur, serial_shops,
          nicolae_shop_overgrown_old_shop, serial_bayou_pond_b,
          xom_confusion_cloud, uniq_blork_the_orc
D:6:      minivault_26, hangedman_decor_points, okawaru_trees_2
D:7:      nemelex_altar_shiori, uniq_crazy_yiuf_cottage
D:8:      lemuel_crystal_altar, overflow_temple_1_default, serial_shops, shop,
          uniq_pikel
D:9:      cheibrodos_ashenzari_chains, lemuel_round_altar,
          hangedman_pestilent_swarm
D:10:     eino_tiny_chamber
D:11:     lair_0_dummy, serial_shops, shop, minmay_misc_feat_enclosed
D:12:     david_orc_3, enter_trove_1, serial_shops, shop
D:13:     david_vaults_2, serial_shops, nicolae_shop_statue_plus, uniq_snorg,
          uniq_rupert
Temple:   compressed_dpeg_circular_temple
Lair:1:   beast_lair_carwin_9
Lair:2:   dummy_snake_entry, lightli_volcano_entry_magma_tube,
          grunt_megastairs_5
Lair:3:   nicolae_swamp_entry_splash_gauntlet
Orc:1:    mines4_lemuel
Orc:2:    grunt_orc_gardens, grunt_orc_garden, grunt_orc_garden,
          grunt_orc_garden, grunt_orc_garden, bh_open_orc_temple, uniq_maurice
Volcano:  volcano_overflow

Skill      XL: |  1  2  3  4  5  6  7  8  9 10 11 12 |
---------------+-------------------------------------+-----
Spellcasting   | 3 4 5 6 8 |  8.9
Hexes          | 4 5 6 9 |  9.7
Stealth        | 6 7 9 11 13 15 17 | 17.3
Short Blades   | 2 4 5 7 9 10 | 10.1
Dodging        | 4 5 7 10 12 13 15 | 15.3
Ice Magic      | 2 3 |  3.6
Fighting       | 4 5 |  5.0

Action                   |  1- 3 |  4- 6 |  7- 9 | 10-12 | 13-15 || total
-------------------------+-------+-------+-------+-------+-------++-------
Melee: Dagger            |    62 |    47 |   215 |   467 |   101 ||   892
       Short sword       |    68 |   114 |       |       |       ||   182
       Headbutt          |       |       |       |    51 |    19 ||    70
 Cast: Corona            |     8 |       |       |       |       ||     8
       Ensorcelled Hiber |    15 |    63 |   104 |   267 |    13 ||   462
       Confuse           |       |     7 |    16 |    63 |    11 ||    97
       Tukima's Dance    |       |       |     3 |       |       ||     3
Invok: Call Merchant     |       |       |       |     2 |       ||     2
Evoke: Wand              |       |       |       |     1 |       ||     1
  Use: Scroll            |       |     9 |     4 |    14 |     1 ||    28
       Potion            |       |       |       |     1 |       ||     1
 Stab: Sleeping          |    26 |    49 |    70 |   167 |    11 ||   323
       Confused          |       |     7 |     6 |    28 |     3 ||    44
       Distracted        |       |     1 |       |     5 |     1 ||     7
  Eat: Bread ration      |       |     1 |       |       |       ||     1
       Pizza             |       |       |     1 |     4 |       ||     5
       Royal jelly       |       |       |       |     2 |       ||     2
       Fruit             |       |       |       |     1 |       ||     1
Armor: Robe              |     4 |    23 |     7 |    14 |     3 ||    51
Dodge: Dodged            |    81 |    96 |   176 |   332 |   105 ||   790

Vault maps used:
D:1:      dpeg_arrival_tiny_a
D:2:      bloody_trog, vehumet_crystals, nicolae_ru_sacrificial_ziggurat,
          uniq_robin
D:3:      gammafunk_temple_overflow_statue, first_bread, serial_glass,
          glass_columns_c, glass_columns_b
D:4:      fedhas_bush_and_centaur_altar, serial_shops, kennysheep_little_box,
          shop
D:5:      old_standard_altar, grunt_pakellas_sulfur, serial_shops,
          nicolae_shop_overgrown_old_shop, serial_bayou_pond_b,
          xom_confusion_cloud, uniq_blork_the_orc
D:6:      minivault_26, hangedman_decor_points, okawaru_trees_2
D:7:      nemelex_altar_shiori, uniq_crazy_yiuf_cottage
D:8:      lemuel_crystal_altar, overflow_temple_1_default, serial_shops, shop,
          uniq_pikel
D:9:      cheibrodos_ashenzari_chains, lemuel_round_altar,
          hangedman_pestilent_swarm
D:10:     eino_tiny_chamber
D:11:     lair_0_dummy, serial_shops, shop, minmay_misc_feat_enclosed
D:12:     david_orc_3, enter_trove_1, serial_shops, shop
D:13:     david_vaults_2, serial_shops, nicolae_shop_statue_plus, uniq_snorg,
          uniq_rupert
Temple:   compressed_dpeg_circular_temple
Lair:1:   beast_lair_carwin_9
Lair:2:   dummy_snake_entry, lightli_volcano_entry_magma_tube,
          grunt_megastairs_5
Lair:3:   nicolae_swamp_entry_splash_gauntlet
Orc:1:    mines4_lemuel
Orc:2:    grunt_orc_gardens, grunt_orc_garden, grunt_orc_garden,
          grunt_orc_garden, grunt_orc_garden, bh_open_orc_temple, uniq_maurice
Volcano:  volcano_overflow

Table legend:
 A = Turns spent in this place as a percentage of turns spent in the entire game.
 B = Non-inter-level travel turns spent in this place as a percentage of non-inter-level travel turns spent in the entire game.
 C = Inter-level travel turns spent in this place as a percentage of turns spent in this place.
 D = Turns resting spent in this place as a percentage of non-inter-level travel turns spent in this place.
 E = Turns spent auto-exploring this place as a percentage of non-inter-level travel turns spent in this place.
 F = Non-inter-level travel turns spent in this place divided by the number of levels of this place that you've seen.
                   A       B       C       D       E      F
               +-------+-------+-------+-------+-------+----------------------
         Total | 100.0 | 100.0 |   0.7 |   3.1 |   8.9 | 300.3
       Dungeon |  81.8 |  81.8 |   0.7 |   3.3 |   9.0 | 377.8
        Temple |   0.3 |   0.3 |   5.3 |   0.0 |  27.8 |  18.0
          Lair |  11.9 |  11.9 |   0.4 |   2.2 |   7.8 | 238.7
  Orcish Mines |   3.6 |   3.6 |   0.9 |   5.1 |   9.8 | 107.5
       Volcano |   2.4 |   2.4 |   0.0 |   0.0 |   8.2 | 146.0
               +-------+-------+-------+-------+-------+----------------------

Table legend:
 A = Kills in this place as a percentage of kills in entire the game.
 B = Kills by you in this place as a percentage of kills by you in the entire game.
 C = Kills by friends in this place as a percentage of kills by friends in the entire game.
 D = Other kills in this place as a percentage of other kills in the entire game.
 E = Experience gained in this place as a percentage of experience gained in the entire game.
 F = Experience gained in this place divided by the number of levels of this place that you have seen.
                   A       B       C       D       E      F
               +-------+-------+-------+-------+-------+----------------------
         Total | 100.0 | 100.0 |  -nan |  -nan | 100.0 | 2063.9
       Dungeon |  80.2 |  80.2 |  -nan |  -nan |  65.9 | 2091.2
          Lair |  15.9 |  15.9 |  -nan |  -nan |  25.2 | 3468.7
  Orcish Mines |   3.2 |   3.2 |  -nan |  -nan |   6.3 | 1306.0
       Volcano |   0.7 |   0.7 |  -nan |  -nan |   2.6 | 1075.0
               +-------+-------+-------+-------+-------+----------------------
